 Dungeon Crawl Stone Soup version 0.30-a0-459-g9104f0fc43 (webtiles) character file.

Game seed: 16250527867265446839

61 Sabo the Magician (level 3, 0/19 HPs)
             Began as a Deep Elf Air Elementalist on Dec 14, 2022.
             Slain by a gnoll
             ... wielding a +0 halberd
              (9 damage)
             ... on level 3 of the Dungeon on Dec 15, 2022.
             The game lasted 00:16:25 (2730 turns).

Sabo the Magician (Deep Elf Air Elementalist)       Turns: 2730, Time: 00:16:27

Health: 0/19       AC:  2    Str:  9    XL:     3   Next: 83%
Magic:  7/10       EV: 12    Int: 21    God:
Gold:   48         SH:  0    Dex: 10    Spells: 9/10 levels left

rFire   + . .      SeeInvis .    k - +10 mace of the Conjuring Augurer {vorpal, rF+ Str+4 Dex-5}
rCold   . . .      Faith    .    (no shield)
rNeg    . . .      Spirit   .    a - +0 robe
rPois   .          Reflect  .    (no helmet)
rElec   .          Harm     .    (no cloak)
rCorr   .          Rampage  .    (no gloves)
Will    .....                    (no boots)
Stlth   ++........               (no amulet)
HPRegen 0.23/turn                (no ring)
MPRegen 0.12/turn                (no ring)

@: no status effects
A: no striking features
a: no special abilities


You were on level 3 of the Dungeon.
You visited 1 branch of the dungeon, and saw 3 of its levels.

You collected 48 gold pieces.

Inventory:

Hand Weapons
 k - the +10 mace of the Conjuring Augurer (weapon) {vorpal, rF+ Str+4 Dex-5}
   (You found it on level 2 of the Dungeon)

   It inflicts extra damage upon your enemies.
   Str:       It affects your strength (+4).
   Dex:       It affects your dexterity (-5).
   rF:        It protects you from fire.
Missiles
 e - 5 boomerangs (quivered)
Armour
 a - a +0 robe (worn)
 c - a +1 chain mail of fire resistance
Magical Staves
 f - a staff of earth
Scrolls
 h - a scroll of summoning {unknown}
 i - a scroll of blinking {unknown}
 m - 3 scrolls of immolation {unknown}
Potions
 b - a potion of magic
 d - 2 potions of curing {unknown}
 g - a potion of ambrosia {unknown}
 j - 2 potions of flight {unknown}
 l - 2 potions of mutation {unknown}


   Skills:
 + Level 0.3 Short Blades
 + Level 2.6 Dodging
 + Level 2.8 Stealth
 + Level 4.1 Spellcasting
 + Level 1.8 Conjurations
 + Level 3.6 Air Magic


You had 9 spell levels left.
You knew the following spells:

 Your Spells              Type           Power      Damage    Failure   Level
a - Shock                 Conj/Air       60%        1d6       3%          1

Your spell library contained the following spells:

 Spells                   Type           Power      Damage    Failure   Level
 Static Discharge         Conj/Air       30%        2-4/arc   6%          2
 Kiss of Death            Conj/Necr      32%        2d7       9%          1
 Swiftness                Air            19%        N/A       9%          3
 Airstrike                Air            9%         2d(2-18)  26%         4
 Confusing Touch          Hex            4%         N/A       34%         3
 Dispel Undead            Necr           4%         3d7       75%         4
 Summon Ice Beast         Ice/Summ       4%         N/A       75%         4
 Summon Mana Viper        Hex/Summ       4%         N/A       97%         5
 Monstrous Menagerie      Summ           2%         N/A       100%        7


Dungeon Overview and Level Annotations

Branches:
Dungeon (3/15)

Altars:


Message History

You climb downwards.
Found a whip.
Found a stone staircase leading down.
There is a stone staircase leading up here.
Found 7 stones.
You see here 7 stones.
Found 3 scrolls labelled CUXKERYOKO.
m - 3 scrolls labelled CUXKERYOKO
Found a stone staircase leading down.
A quokka and 2 gnolls come into view.
A gnoll comes into view. It is wielding a +0 halberd.
Found a scroll labelled REREME JIOMPAC.
The gnoll shouts!
The quokka bites you.
You hit the quokka.
You kill the quokka!
Casting: Shock (safe; 3% risk of failure)
Confirm with . or Enter, or press ? or * to list all spells.
Aiming: Shock (safe; 3% risk of failure)
Press: ? - help, Shift-Dir - straight line, f - gnoll
Aim: a gnoll, wielding a +0 halberd (75% to hit)
The zap hits the gnoll.
The gnoll is lightly wounded.
The gnoll closely misses you.
Casting: Shock (safe; 3% risk of failure)
Confirm with . or Enter, or press ? or * to list all spells.
Aiming: Shock (safe; 3% risk of failure)
Press: ? - help, Shift-Dir - straight line, f/p - gnoll
Aim: a gnoll, wielding a +0 halberd (lightly wounded, 75% to hit)
The zap hits the gnoll.
The gnoll is moderately wounded.
The gnoll hits you from afar with a +0 halberd!
Casting: Shock (safe; 3% risk of failure)
Confirm with . or Enter, or press ? or * to list all spells.
Aiming: Shock (safe; 3% risk of failure)
Press: ? - help, Shift-Dir - straight line, f/p - gnoll
Aim: a gnoll, wielding a +0 halberd (moderately wounded, 75% to hit)
The zap misses the gnoll.
The zap hits the gnoll.
The gnoll is heavily wounded.
The gnoll hits you from afar with a +0 halberd!
You die...

#####.# #.#
#######
#.###.....##
#..........#
#####......#
#......#
....
#......#
?...
#......#
.....
######@#
...g.
#.#.gg...
#g#......
#g...#
#..### #..#
#.## ... ...


You could see 2 gnolls.

Vanquished Creatures
  2 adders (D:2)
  A dart slug (D:1)
  4 ball pythons
  A bat (D:1)
  2 endoplasms (D:2)
  2 giant cockroaches
  5 goblins
  3 hobgoblins
  4 jackals (D:1)
  5 kobolds
  4 quokkas
  A frilled lizard (D:1)
34 creatures vanquished.

Notes
Turn   | Place    | Note
-------+----------+-------------------------------------------
     0 | D:1      | Sabo the Deep Elf Air Elementalist began the quest for the
                  | Orb.
     0 | D:1      | Reached XP level 1. HP: 10/10 MP: 6/6
   547 | D:1      | Reached XP level 2. HP: 13/15 MP: 1/8
   913 | D:1      | Upgraded the game from 0.30-a0-458-g86641cc369 to
                  | 0.30-a0-459-g9104f0fc43
  1758 | D:2      | Reached XP level 3. HP: 14/19 MP: 10/10
  2139 | D:2      | Identified the +10 mace of the Conjuring Augurer {vorpal,
                  | rF+ Str+4 Dex-5}
  2312 | D:2      | Reached skill level 4 in Spellcasting
  2730 | D:3      | Slain by a gnoll

Illustrated notes

Levels and vault maps discovered:
D:1:      tarquinn_simple_flora_water_c, layout_loops_cross,
          nicolae_concentric_dashed_squares_wild
D:2:      layout_loops_corners
D:3:      layout_basic, pf_guarded_unrand_delatra

Skill      XL: |  1  2  3 |
---------------+----------+-----
Spellcasting   | 4 |  4.1
Short Blades   | |  0.3
Dodging        | |  2.6
Stealth        | |  2.8
Conjurations   | |  1.8
Air Magic      | |  3.6

Action                   || total
-------------------------++-------
Melee: Short sword       ||    15
       Spear             ||    10
       Mace              ||     6
 Cast: Shock             ||    64
 Stab: Sleeping          ||     1
Armor: Robe              ||     6
Dodge: Dodged            ||    28

Table legend: (Time is in decaauts)
 A = Elapsed time spent in this place.
 B = Non-inter-level travel time spent in this place.
 C = Inter-level travel time spent in this place.
 D = Time resting spent in this place.
 E = Time spent auto-exploring this place.
 F = Levels seen in this place.
 G = Mean time per level.
                   A        B        C        D        E       F      G
               +--------+--------+--------+--------+--------+-----+--------+
         Total |   2736 |   2736 |      0 |    723 |      0 |   3 |  912.0 |
       Dungeon |   2736 |   2736 |      0 |    723 |      0 |   3 |  912.0 |
               +--------+--------+--------+--------+--------+-----+--------+

Top non-repeatable levels by time:
     D:1: 1485 daAuts
     D:2: 1189 daAuts
     D:3: 61 daAuts
